Map: Void Training Stage 1

Players

Piroxiljin - Winner!

  • Race: Terran Terran
  • Spawn Location: 5:00

Player 2

  • Race: Terran Terran
  • Spawn Location: 11:00

VOD

Have the link to the VOD?

Description

Time

  • Played on: Jan. 12, 2019, 5:38 a.m.
  • Length: 14:08
Show
View Real Time Build Order
Export as new Build Order

Piroxiljin Terran - Winner!

Build Orders:  

Get SALT Encoding   

  12  0:03  SCV  
  13  0:15  SCV  
  14  0:23  Supply Depot  
  14  0:27  SCV  
  15  0:45  SCV  
  16  1:05  SCV, Refinery  
  17  1:13  Barracks  
  17  1:17  SCV  
  18  1:27  Supply Depot  
  18  1:29  SCV  
  19  1:36  Refinery  
  19  1:41  SCV  
  20  1:53  SCV  
  21  2:06  SCV, Marine  
  23  2:14  Barracks  
  23  2:18  SCV  
  24  2:39  Command Center  
  24  2:43  Barracks Tech Lab  
  24  2:45  SCV  
  25  2:57  SCV  
  26  3:10  SCV  
  26  3:11  Supply Depot  
  27  3:15  Barracks  
  27  3:16  Barracks Reactor  
  27  3:18  Marine  
  28  3:34  SCV  
  28  3:37  Reaper  
  30  3:59  Orbital Command  
  30  4:02  SCV  
  31  4:09  Marauder, Marine x2  
  35  4:14  SCV, Reaper  
  37  4:22  Supply Depot  
  37  4:26  SCV  
  37  4:30  Marauder  
  40  4:39  SCV  
  40  4:45  Supply Depot  
  41  4:48  SCV  
  41  4:50  Marine x2  
  41  4:51  SCV, Reaper, Marine  
  47  5:00  SCV  
  47  5:03  SCV  
  49  5:08  Supply Depot, Reaper, Marine  
  49  5:09  Reaper  
  49  5:12  SCV  
  49  5:13  Refinery  
  53  5:15  SCV  
  53  5:16  Refinery  
  54  5:24  Marauder  
  54  5:26  Marine  
  54  5:27  SCV  
  58  5:32  SCV  
  59  5:39  SCV  
  59  5:40  Marine  
  59  5:41  Reaper  
  62  5:44  SCV  
  62  5:45  Marauder  
  62  5:49  Marine  
  66  5:51  SCV  
  66  5:56  SCV  
  68  6:07  Marauder  
  70  6:12  Supply Depot  
  70  6:14  SCV x2  
  72  6:26  SCV  
  72  6:28  Marauder  
  72  6:31  Command Center  
  75  6:35  Supply Depot  
  75  6:58  Supply Depot  
  75  7:00  Marine x3  
  78  7:02  Reaper  
  79  7:18  Reaper  
  79  7:34  Marauder  
  81  8:12  Marine  
  82  8:16  Marine x2  
  82  8:18  Reaper  
  85  8:30  Marine  
  86  8:36  Orbital Command  
  86  8:48  Reaper  
  87  9:01  Refinery  
  87  9:05  Refinery  
  87  9:18  Supply Depot  
  87  9:20  Reaper  
  87  9:22  Marine x2  
  90  9:24  Barracks Reactor  
  90  9:36  SCV x2  
  90  9:37  SCV  
  93  9:41  Supply Depot  
  93  9:48  Barracks  
  95  9:52  Marauder  
  95  10:26  Marine x3  
  95  10:27  Marauder, Reaper  
  101  10:44  Reaper  
  101  10:46  SCV  
  101  10:49  Marauder  
  105  10:51  Marine x2  
  107  11:54  Marine x4  
  107  11:55  Reaper x2  
  110  12:12  Reaper x2, Marine x2  
  111  12:27  Marauder, Reaper  
  111  12:29  Marine x2  
  116  12:44  Marine x2  
  116  12:49  Marauder  
  120  13:06  SCV  
  120  13:10  Marauder  
  123  13:18  SCV  
  124  13:30  SCV  
  124  14:02  Command Center  
Show
View Real Time Build Order
Export as new Build Order

Player 2 Terran 

Build Orders:  

Get SALT Encoding   

  12  0:00  SCV  
  13  0:13  SCV  
  14  0:18  Supply Depot  
  14  0:37  Refinery  
  14  0:42  Barracks  
  14  1:02  Supply Depot  
  14  1:12  Refinery  
  14  1:28  Barracks Tech Lab  
  14  1:29  Orbital Command  
  14  1:46  Marine  
  15  1:55  SCV  
  16  2:07  SCV  
  17  2:19  SCV  
  18  2:30  Marine  
  18  2:32  SCV  
  20  2:44  SCV  
  21  2:56  SCV  
  22  3:14  Marauder  
  24  6:31  SCV  
  24  6:32  Marine  
  26  6:33  Supply Depot  
  26  6:43  SCV  
  27  6:48  Command Center  
  27  6:55  SCV  
  28  7:07  SCV, Supply Depot, Marine  
  26  7:42  Marine  
  27  8:00  SCV  
  27  8:03  Refinery  
  28  8:07  SCV  
  29  8:14  SCV  
  29  8:17  Marine  
  29  8:19  Refinery  
  31  8:21  SCV  
  32  8:28  SCV  
  33  8:36  SCV  
  34  8:43  SCV  
  35  8:50  SCV  
  35  8:52  Marine  
  37  8:57  SCV  
  38  9:04  SCV  
  39  9:11  SCV  
  40  9:19  SCV  
  41  9:26  SCV  
  41  9:27  Marauder  
  44  9:33  SCV  
  45  9:40  SCV  
  46  9:47  SCV  
  47  12:07  Marine  
  40  12:16  SCV  
  40  12:23  SCV  
  37  12:30  SCV  
  37  12:31  Marine  
  35  12:38  SCV  
  33  12:45  SCV, Supply Depot  
  30  12:52  SCV  
  30  12:56  Marine  
  23  12:59  SCV  
  20  13:13  SCV  
  21  13:20  Marine  
  21  13:26  SCV  
  23  13:38  SCV  
  18  13:45  Marine  
  14  13:50  SCV  
  9  13:58  Supply Depot  
Tags
 
Add a new tag
Caveats
  • Supply blocks, unpowered buildings, or Contaminate may cause inaccurate times.
  • Supply counts are checked every 10 seconds.